 Dungeon Crawl Stone Soup version 0.23-a0-295-g2e428d4 (webtiles) character file.

72 Ijustatesigmund the Magician (level 4, 0/27 HPs)
             Began as an Octopode Wizard on Oct 4, 2018.
             Slain by a goblin
             ... wielding a +0 dagger
             ... led by Robin
              (3 damage)
             ... on level 2 of the Dungeon.
             The game lasted 00:03:46 (2881 turns).

Ijustatesigmund the Magician (Octopode Wizard)      Turns: 2881, Time: 00:03:47

Health: 0/27       AC:  1    Str:  6    XL:     4   Next: 25%
Magic:  3/8        EV: 13    Int: 20    God:
Gold:   102        SH:  3    Dex: 11    Spells: 3/9 levels left

rFire    . . .     SeeInvis .   b - +0 whip (freeze)
rCold    . . .     Gourm    .   (no shield)
rNeg     . . .     Faith    .   a - +0 hat
rPois    .         Spirit   .   e - +3 amulet of reflection
rElec    .         Reflect  +   (no ring)
rCorr    .         Harm     .   (no ring)
MR       .....                  (no ring)
Stlth    +++.......             (no ring)
HPRegen  0.09/turn              (no ring)
MPRegen  0.11/turn              (no ring)
                                (no ring)
                                (no ring)

@: no status effects
A: almost no armour, stealthy swim, amphibious, 8 rings, constrict 8, camouflage
1, gelatinous body 1
a: no special abilities


You were on level 2 of the Dungeon.
You were hungry.

You visited 1 branch of the dungeon, and saw 3 of its levels.

You collected 102 gold pieces.

Inventory:

Hand Weapons
 b - a +0 whip of freezing (weapon)
Armour
 a - a +0 hat (worn)
Jewellery
 e - a +3 amulet of reflection (around mantle)
Scrolls
 f - a scroll of remove curse
 g - 2 scrolls of enchant armour {unknown}
 h - 2 scrolls of identify
 i - 2 scrolls of teleportation
Potions
 d - a potion of might
 j - a potion of curing {unknown}
 k - a potion of haste {unknown}
Comestibles
 c - 6 rations


   Skills:
 + Level 2.0 Maces & Flails
 - Level 2.0 Dodging
 - Level 2.6 Stealth
 - Level 3.0 Spellcasting
 - Level 2.5 Conjurations
   Level 1.0 Summonings
 - Level 2.0 Translocations
 + Level 0.2 Fire Magic


You had 3 spell levels left.
You knew the following spells:

 Your Spells              Type           Power        Failure   Level  Hunger
a - Magic Dart            Conj           ##..         4%          1    None
b - Blink                 Tloc           N/A          10%         2    ##.....
c - Conjure Flame         Conj/Fire      #.......     24%         3    ###....

Your spell library contained the following spells:

 Spells                   Type           Power        Failure   Level  Hunger
 Call Imp                 Summ           #.......     14%         2    ##.....
 Slow                     Hex            #.......     22%         2    ##.....
 Mephitic Cloud           Conj/Pois/Air  #.......     30%         3    ###....


Dungeon Overview and Level Annotations

Branches:
Dungeon (3/15)

Altars:

Annotations:
D:2 Robin


Innate Abilities, Weirdness & Mutations

You cannot wear most types of armour.
You are very stealthy in the water. (Stealth+)
You are amphibious.
You can wear up to eight rings at the same time.
You can use your tentacles to constrict eight enemies at once.
Your skin changes colour to match your surroundings (Stealth+).
Your rubbery body absorbs attacks. (AC +1, EV +1)


Message History

The orc moves out of view.
The goblin no longer looks unusually strong.
The goblin hits you but does no damage.
There is a stone staircase leading up here.
The goblin hits you but does no damage.
You climb upwards.
Level annotation: Robin
There is a stone staircase leading down here.
You barely miss the goblin. Your grab misses the goblin.
The goblin hits you with a dagger.
* * * LOW HITPOINT WARNING * * *
You hit the goblin. You freeze the goblin. You grab the goblin.
The goblin is heavily wounded.
You constrict the goblin. The goblin hits you with a dagger.
* * * LOW HITPOINT WARNING * * *
You hit the goblin but do no damage.
The goblin is severely wounded.
You constrict the goblin, but do no damage.
The goblin hits you with a dagger.
You die...

#....# #######.##.#
.........#.#
##########.#
#......#<#.#
...###.#.#.# ####
#.#.#.#
..####.#.#.#######
....)..........g@#
#...##.#.##########
###.#..#..........#
###.#.##.####..##.#
..#.^..#.#.....##.#
..#......#....###.#
###..#.#(########.###
.....#.#........#...#
.##..#.#....###.###.###


You could see a goblin.

Vanquished Creatures
  3 adders (D:2)
  An adder zombie (D:2)
  A worm (D:2)
  A leopard gecko (D:1)
  A giant cockroach (D:1)
  11 goblins
  4 hobgoblins
  5 bats
  2 frilled lizards
  4 kobolds (D:1)
  5 rats (D:1)
38 creatures vanquished.

Notes
Turn   | Place    | Note
-------+----------+-------------------------------------------
     0 | D:1      | Ijustatesigmund the Octopode Wizard began the quest for the
                  | Orb.
     0 | D:1      | Reached XP level 1. HP: 11/11 MP: 4/4
   446 | D:1      | Reached XP level 2. HP: 16/17 MP: 6/6
   450 | D:1      | Learned a level 2 spell: Blink
   490 | D:1      | Reached skill level 1 in Maces & Flails
  1238 | D:1      | Reached XP level 3. HP: 16/21 MP: 7/7
  1271 | D:1      | You fall through a shaft!
  2346 | D:2      | Reached XP level 4. HP: 18/27 MP: 0/8
  2650 | D:2      | Learned a level 3 spell: Conjure Flame
  2855 | D:2      | Noticed Robin
  2881 | D:2      | Slain by a goblin

Vault maps used:
D:1:      minmay_arrival_jagged
D:2:      uniq_robin
D:3:      first_ration

Skill      XL: |  1  2  3  4 |
---------------+-------------+-----
Maces & Flails | 1 2 |  2.0
Conjurations   | 2 |  2.5
Translocations | 2 |  2.0
Dodging        | |  2.0
Stealth        | |  2.6
Spellcasting   | |  3.0
Summonings     | |  1.0
Fire Magic     | |  0.2

Action                   |  1- 3 |  4- 6 || total
-------------------------+-------+-------++-------
Melee: Whip              |    26 |     4 ||    30
       Constrict         |     7 |     1 ||     8
       Unarmed           |     3 |       ||     3
       Tentacles         |     1 |       ||     1
 Cast: Magic Dart        |    57 |     9 ||    66
  Use: Scroll            |     4 |       ||     4
 Stab: Sleeping          |     8 |       ||     8
  Eat: Chunk             |     4 |     1 ||     5
Armor: Skin              |     3 |     1 ||     4
Dodge: Dodged            |    22 |     2 ||    24
Block: Other             |     2 |     2 ||     4

Table legend:
 A = Non-vault XP
 B = Vault XP
 C = Vault XP percentage of total XP
 D = Non-vault monster count
 E = Vault monster count
 F = Vault count percentage of total count
                 A         B        C        D         E       F
            +---------+---------+-------+---------+---------+-------
      Total |      93 |      10 |   9.7 |      33 |       5 |  13.2
            +---------+---------+-------+---------+---------+-------
        D:1 |      34 |       0 |   0.0 |      23 |       0 |   0.0
        D:2 |      59 |      10 |  14.5 |      10 |       5 |  33.3
            +---------+---------+-------+---------+---------+-------
